 Dungeon Crawl Stone Soup version 0.30-a0-462-gd5975efbca (webtiles) character file.

Game seed: 5325071073363907706

26518 Majang the Thaumaturge (level 12, -5/91 HPs)
             Began as a Demonspawn Conjurer on Dec 16, 2022.
             Was a High Priest of Vehumet.
             Slain by a komodo dragon (21 damage)
             ... on level 4 of the Lair of Beasts.
             The game lasted 01:10:35 (17921 turns).

Majang the Thaumaturge (Demonspawn Conjurer)       Turns: 17921, Time: 01:10:35

Health: -5/91      AC: 14    Str:  7    XL:     12   Next: 99%
Magic:  23/26      EV: 12    Int: 23    God:    Vehumet [*****.]
Gold:   699        SH:  0    Dex: 14    Spells: 14/31 levels left

rFire   . . .      SeeInvis +    y - staff of conjuration
rCold   . . .      Faith    .    (no shield)
rNeg    . . .      Spirit   .    j - +1 swamp dragon scales
rPois   +          Reflect  .    (helmet restricted)
rElec   .          Harm     .    D - +0 cloak
rCorr   .          Rampage  .    G - +0 pair of gloves
Will    .....                    (no boots)
Stlth   +.........               (no amulet)
HPRegen 0.35/turn                x - +4 ring of protection
MPRegen 0.20/turn                s - ring of see invisible

@: no status effects
A: hooves 2, horns 2, foul stench 2
a: Renounce Religion


You were on level 4 of the Lair of Beasts.
You worshipped Vehumet.
Vehumet was extremely pleased with you.
You visited 3 branches of the dungeon, and saw 14 of its levels.
You also visited: Sewer.

You collected 699 gold pieces.

Inventory:

Hand Weapons
 r - a +3 vorpal quarterstaff
Armour
 j - +1 swamp dragon scales (worn)
 D - a +0 cloak (worn)
 G - a +0 pair of gloves (worn)
Magical Staves
 y - a staff of conjuration (weapon)
Jewellery
 s - a ring of see invisible (right hand)
 x - a +4 ring of protection (left hand)
 J - a +6 ring of strength
Wands
 v - a wand of charming (11)
 B - a wand of polymorph (3)
 K - a wand of roots (10)
Scrolls
 i - 3 scrolls of fog
 k - 2 scrolls of magic mapping
 m - 2 scrolls of identify
 n - 2 scrolls of poison
 p - 8 scrolls of teleportation
 u - a scroll of immolation
 E - a scroll of enchant armour
Potions
 a - 2 potions of might
 b - 2 potions of magic
 c - 3 potions of cancellation
 d - a potion of curing
 e - 3 potions of resistance
 f - a potion of heal wounds
 g - a potion of degeneration {unknown}
 h - a potion of ambrosia {unknown}
 l - 2 potions of haste
 o - a potion of invisibility
 q - 3 potions of mutation
 t - 3 potions of lignification
 w - a potion of attraction {unknown}
 z - a potion of flight {unknown}
 A - 3 potions of brilliance


   Skills:
 + Level 7.1 Fighting
 + Level 6.5 Staves
 + Level 1.6 Armour
 + Level 6.8 Dodging
 - Level 1.7 Stealth
 * Level 10.2 Spellcasting
 + Level 9.3 Conjurations
 + Level 7.4 Fire Magic
 * Level 6.9 Earth Magic
 + Level 5.2 Evocations


You had 14 spell levels left.
You knew the following spells:

 Your Spells              Type           Power      Damage    Failure   Level
a - Stone Arrow           Conj/Erth      100%       3d13      1%          3
b - Foxfire               Conj/Fire      100%       2x1d9     1%          1
d - Magic Dart            Conj           100%       1d8       1%          1
i - Iron Shot             Conj/Erth      32%        9d7       24%         6
m - Iskenderun's Mystic   Conj/Tloc      49%        2d11      7%          4
r - Searing Ray           Conj           100%       2d8       1%          2

Your spell library contained the following spells:

 Spells                   Type           Power      Damage    Failure   Level
 Frozen Ramparts          Ice            22%        1d4       16%         3
 Kiss of Death            Conj/Necr      100%       2d13      1%          1
 Dazzling Flash           Conj/Hex       98%        N/A       2%          3
 Inner Flame              Hex/Fire       28%        N/A       3%          3
 Kindle Blastsparks       Fire/Tloc/Air  46%        2d13      5%          3
 Fulminant Prism          Conj/Hex       24%        3d12      7%          4
 Poisonous Vapours        Pois/Air       22%        N/A       8%          2
 Apportation              Tloc           22%        N/A       19%         1
 Necrotise                Necr           44%        1d6       19%         1
 Sting                    Tmut/Pois      44%        1d5       19%         1
 Summon Small Mammal      Summ           44%        N/A       19%         1
 Arcjolt                  Conj/Air       24%        1d34      19%         5
 Lightning Bolt           Conj/Air       24%        1d40      19%         5
 Blink                    Tloc           22%        N/A       28%         2
 Airstrike                Air            5%         2d(1-17)  41%         4
 Animate Armour           Summ/Erth      54%        N/A       41%         4
 Olgreb's Toxic Radiance  Pois           11%        N/A       41%         4
 Confusing Touch          Hex            11%        N/A       50%         3
 Cause Fear               Hex            5%         N/A       88%         4
 Dispel Undead            Necr           11%        3d9       88%         4
 Manifold Assault         Tloc           11%        N/A       88%         4
 Summon Lightning Spire   Summ/Air       11%        N/A       88%         4
 Agony                    Necr           11%        N/A       99%         5
 Blade Hands              Tmut           5%         N/A       99%         5
 Silence                  Hex/Air        5%         N/A       99%         5
 Storm Form               Tmut/Air       5%         N/A       100%        7
 Discord                  Hex            5%         N/A       100%        8
 Maxwell's Capacitive Co  Air            5%         ∞         100%        8


Dungeon Overview and Level Annotations

Branches:
Dungeon (9/15)             Temple (1/1) D:4            Lair (4/5) D:9
 Shoals (0/4) Lair:2        Snake (0/4) Lair:2        Sewer (visited)
  Slime: Lair:4-5       Orc: D:9-12

Altars:
Ashenzari
Fedhas
Gozag
Hepliaklqana
Kikubaaqudgha
Makhleb
Okawaru
Sif Muna
Trog
Uskayaw
Vehumet
Yredelemnul

Annotations:
Lair:3 1 runed translucent door, semem's ghost, journeyman FeMo


Innate Abilities, Weirdness & Mutations

You have hoof-like feet.
You have a pair of horns on your head.
You sometimes emit foul miasma when damaged in melee.


Message History

Confirm with . or Enter, or press ? or * to list all spells.
Aiming: Stone Arrow (safe; 1% risk of failure)
Press: ? - help, Shift-Dir - straight line, f - dream sheep
Aim: a dream sheep (78% to hit)
You feel a surge of power!
The stone arrow hits the dream sheep!
The dream sheep is almost dead.
A dream sheep comes into view. x2
Unknown command.
Casting: Stone Arrow (safe; 1% risk of failure)
Confirm with . or Enter, or press ? or * to list all spells.
Aiming: Stone Arrow (safe; 1% risk of failure)
Press: ? - help, Shift-Dir - straight line, f/p - dream sheep
Aim: a dream sheep (almost dead, 78% to hit)
You feel a surge of power!
The stone arrow hits the dream sheep!
You kill the dream sheep!
Vehumet accepts your kill.
You feel your power returning.
The dream sheep bleats!
The dream sheep are wreathed in dream dust.
You feel drowsy...
You fall asleep.
A wolf comes into view.
The komodo dragon bites you!!!!
You wake up.
Ouch! That really hurt!
* * * LOW HITPOINT WARNING * * *
Unknown command.
You feel much better. The wolf misses you. The komodo dragon bites you!!
* * * LOW HITPOINT WARNING * * *
You emit a cloud of foul miasma!
The dream sheep closely misses you.
Unknown command.
Okay, then.
The air fills with toxic fumes!
As you read the scroll of poison, it crumbles to dust.
The wolf bites you.
* * * LOW HITPOINT WARNING * * *
The wolf bites you but does no damage.
The dream sheep bites you but does no damage.
The dream sheep closely misses you.
The komodo dragon is engulfed in dark miasma.
The komodo dragon is poisoned.
The komodo dragon bites you!!
You die...

§§§§§§§§§§ §§
§§§§§§§§§§ §§
§§§§§§§§§##§
§§§§§§§§§§§
P§P§§§§§§§
#§§§§§§#
#§§§§§§##
#§§§l@h§#
#§§§YYY§§§§§§
#§§§§§§Y§Y§P#§§
§§§§§§§§§#§##
§§§§§§§§§§§§§
§§§§§§§§§§§§§§
§§§§§§§§§§§ §§§
§§§§§§§§§§§§§§§


You could see a komodo dragon (poisoned), a wolf and 5 dream sheep.

Vanquished Creatures
  A hydra (Lair:3)
  2 two-headed ogres (D:9)
  7 death yaks
  A sea snake (Lair:1)
  Pikel (D:8)
  5 elephants (Lair:3)
  3 torpor snails
  4 black mambas
  Maurice (D:9)
  2 rime drakes
  3 cane toads
  3 kobold demonologists (D:9)
  Maggie (D:9)
  7 komodo dragons
  A troll (D:9)
  4 polar bears
  7 blink frogs (Lair:1)
  A dream sheep (Lair:4)
  2 wyverns
  13 yaks
  Grum (D:9)
  4 nagas (Lair:2)
  8 water moccasins
  2 orc warriors
  5 black bears
  A hornet zombie (D:6)
  4 ice beasts (D:9)
  3 ogres
  4 wolves (D:9)
  3 phantoms
  3 centaurs (D:7)
  3 lemures (D:8)
  2 kobold brigands
  7 bullfrogs
  A wyvern zombie (D:6)
  3 necrophages
  6 scorpions
  4 wights (D:6)
  6 killer bees (D:8)
  5 howler monkeys
  2 electric eels (D:6)
  A centaur zombie (D:6)
  3 hounds
  A centaur skeleton (D:6)
  A gnoll bouda (D:6)
  4 orc priests
  6 iguanas
  6 orc wizards
  A killer bee zombie (D:6)
  Robin (D:3)
  8 gnolls
  3 howler monkey skeletons (D:6)
  10 adders
  2 white imps (D:7)
  2 ufetubi
  A worm (D:4)
  3 dart slugs
  21 orcs
  11 endoplasms
  13 giant cockroaches
  8 goblins
  11 hobgoblins
  2 jackals (D:1)
  24 kobolds
  2 quokkas
  5 ball pythons
  6 bats
  6 frilled lizards (D:3)
  9 rats
  A spectral hobgoblin (D:4)
318 creatures vanquished.

Vanquished Creatures (collateral kills)
  A kobold demonologist (D:9)
  A kobold brigand (D:9)
  2 kobolds (D:9)
4 creatures vanquished.

Vanquished Creatures (others)
  A yak (Lair:2)
  A wyvern (D:9)
  84 foxfires
  15 fungi
  46 plants
  7 withered plants (D:6)
154 creatures vanquished.

Grand Total: 476 creatures vanquished

Notes
Turn   | Place    | Note
-------+----------+-------------------------------------------
     0 | D:1      | Majang the Demonspawn Conjurer began the quest for the Orb.
     0 | D:1      | Reached XP level 1. HP: 13/13 MP: 3/3
   344 | D:1      | Gained mutation: You may rarely emit foul miasma when
                  | damaged in melee. [demonic ancestry]
   344 | D:1      | Reached XP level 2. HP: 19/19 MP: 0/5
   487 | D:1      | Learned a level 2 spell: Searing Ray
  1323 | D:2      | Discovered your monstrous ancestry.
  1323 | D:2      | Gained mutation: You have large cloven feet. [demonic
                  | ancestry]
  1323 | D:2      | Reached XP level 3. HP: 21/24 MP: 2/7
  1966 | D:2      | Reached skill level 3 in Spellcasting
  2444 | D:2      | Gained mutation: You have hoof-like feet. [demonic
                  | ancestry]
  2444 | D:2      | Reached XP level 4. HP: 25/30 MP: 1/8
  2653 | D:3      | Reached skill level 5 in Conjurations
  2806 | D:3      | Noticed an ogre
  3082 | D:3      | Noticed Robin
  3089 | D:3      | Killed Robin
  3090 | D:3      | Gained mutation: You have a pair of small horns on your
                  | head. [demonic ancestry]
  3090 | D:3      | Reached XP level 5. HP: 35/35 MP: 0/10
  3782 | D:4      | Found an iron altar of Okawaru.
  3962 | D:4      | Found a staircase to the Ecumenical Temple.
  3968 | Temple   | Entered the Ecumenical Temple
  4046 | Temple   | Became a worshipper of Vehumet
  4124 | D:4      | Reached skill level 4 in Spellcasting
  4232 | D:4      | Found a glowing drain.
  4247 | Sewer    | Entered a sewer
  4462 | Sewer    | Reached skill level 1 in Fighting
  4462 | Sewer    | Reached skill level 1 in Staves
  4462 | Sewer    | Gained mutation: You sometimes emit foul miasma when
                  | damaged in melee. [demonic ancestry]
  4462 | Sewer    | Reached XP level 6. HP: 42/43 MP: 6/12
  4529 | Sewer    | Reached * piety under Vehumet
  4529 | Sewer    | Offered knowledge of Foxfire by Vehumet.
  4534 | Sewer    | Learned a level 1 spell: Foxfire
  5379 | D:4      | Found a hazy altar of Hepliaklqana.
  5708 | D:5      | Entered Level 5 of the Dungeon
  5731 | D:5      | Gained mutation: You have a pair of horns on your head.
                  | [demonic ancestry]
  5731 | D:5      | Reached XP level 7. HP: 41/48 MP: 7/13
  5946 | D:5      | Identified the +1 leather armour of the Valley {rF+ Regen+
                  | Str+4}
  6250 | D:5      | Reached skill level 5 in Spellcasting
  6250 | D:5      | Reached skill level 1 in Fire Magic
  6404 | D:5      | Reached ** piety under Vehumet
  6469 | D:5      | Offered knowledge of Momentum Strike by Vehumet.
  6576 | D:5      | Reached XP level 8. HP: 57/57 MP: 15/15
  7835 | D:6      | Reached skill level 6 in Spellcasting
  7992 | D:6      | Reached XP level 9. HP: 64/64 MP: 9/18
  8314 | D:6      | Offered knowledge of Stone Arrow by Vehumet.
  8707 | D:6      | Reached *** piety under Vehumet
  8708 | D:6      | Reached skill level 7 in Spellcasting
  8910 | D:6      | Learned a level 4 spell: Iskenderun's Mystic Blast
  9161 | D:7      | Reached skill level 5 in Fire Magic
  9567 | D:7      | Got Sif Muna's Compilation of the Tempest
  9572 | D:7      | Learned a level 3 spell: Stone Arrow
  9688 | D:7      | Reached XP level 10. HP: 73/73 MP: 15/21
  9769 | D:7      | Offered knowledge of Ignite Poison by Vehumet.
 10105 | D:8      | Reached skill level 1 in Earth Magic
 10414 | D:8      | Reached skill level 1 in Evocations
 10787 | D:8      | Noticed Pikel
 10840 | D:8      | Killed Pikel
 11350 | D:3      | Reached skill level 5 in Dodging
 11501 | D:9      | Noticed a two-headed ogre
 11779 | D:9      | Noticed Maurice
 11779 | D:9      | Noticed Grum
 11972 | D:9      | Reached skill level 5 in Fighting
 12064 | D:9      | Noticed Maggie
 12072 | D:9      | Killed Maggie
 12073 | D:9      | Reached skill level 8 in Spellcasting
 12184 | D:9      | Killed Maurice
 12192 | D:9      | Killed a two-headed ogre
 12389 | D:9      | Found a staircase to the Lair.
 12396 | D:9      | Noticed a two-headed ogre
 12405 | D:9      | Reached XP level 11. HP: 80/80 MP: 17/23
 12413 | D:9      | Killed a two-headed ogre
 12414 | D:9      | Reached skill level 5 in Staves
 12752 | D:9      | Killed Grum
 12752 | D:9      | Reached **** piety under Vehumet
 13042 | D:9      | Found a bloodstained altar of Trog.
 13156 | Lair:1   | Entered Level 1 of the Lair of Beasts
 13456 | Lair:1   | Noticed a death yak
 13457 | Lair:1   | Noticed a death yak
 13463 | Lair:1   | Noticed a death yak
 13480 | Lair:1   | Noticed a death yak
 13482 | Lair:1   | Killed a death yak
 13483 | Lair:1   | Noticed a death yak
 13488 | Lair:1   | Killed a death yak
 13492 | Lair:1   | Killed a death yak
 13493 | Lair:1   | Reached skill level 9 in Spellcasting
 13498 | Lair:1   | Killed a death yak
 13505 | Lair:1   | Killed a death yak
 13506 | Lair:1   | Reached skill level 5 in Earth Magic
 13675 | Lair:1   | Offered knowledge of Frozen Ramparts by Vehumet.
 13839 | Lair:1   | Learned a level 6 spell: Iron Shot
 14111 | Lair:1   | Noticed Harold
 14113 | Lair:1   | Harold changed into Harold the orb spider
 14113 | Lair:1   | Noticed Harold
 14115 | Lair:1   | Harold the orb spider changed into Harold the sea snake
 14115 | Lair:1   | Noticed Harold
 14121 | Lair:1   | Killed Harold the sea snake
 14122 | Lair:1   | Reached XP level 12. HP: 60/88 MP: 12/25
 15053 | Lair:2   | Found a staircase to the Snake Pit.
 15464 | Lair:2   | Found a staircase to the Shoals.
 15881 | Lair:2   | Identified the +8 sling "Wuco" {drain, rCorr Dex+7}
 16664 | Lair:3   | Noticed a death yak
 16739 | Lair:3   | Noticed a death yak
 16760 | Lair:3   | Killed a death yak
 16853 | Lair:3   | Reached skill level 10 in Spellcasting
 16866 | Lair:3   | Reached skill level 1 in Armour
 16866 | Lair:3   | Reached skill level 5 in Evocations
 17071 | Lair:3   | Killed a death yak
 17262 | Lair:3   | Noticed an eight-headed hydra
 17271 | Lair:3   | Killed an eight-headed hydra
 17271 | Lair:3   | Reached ***** piety under Vehumet
 17759 | Lair:3   | Found a runed translucent door.
 17759 | Lair:3   | Noticed semem's ghost (journeyman FeMo)
 17769 | Lair:3   | Identified a scroll of acquirement
 17769 | Lair:3   | Acquired a staff of conjuration
 17921 | Lair:4   | Slain by a komodo dragon

Illustrated notes

Levels and vault maps discovered:
D:1:      dpeg_arrival_prison, layout_basic
D:2:      layout_basic
D:3:      layout_basic, fountainhead, minmay_lizard_king, uniq_robin
D:4:      layout_loops_cross, nicolae_hepliaklqana_monster_ancestors,
          kennysheep_little_box, minmay_temple_entry_enclosed_plants,
          portal_sewer_entry_f
D:5:      layout_basic, kennysheep_generic_room_9
D:6:      layout_loops_ring, serial_undead, serial_undead_c, serial_undead_f,
          serial_undead_b, serial_undead_d, serial_bayou_lagoon_b
D:7:      layout_rooms
D:8:      layout_basic, serial_corexii_hall, corexii_hall_statues_x,
          corexii_hall_statues_i, corexii_hall_statues_x,
          chequers_hall_statues_wall_a, chequers_hall_statues_wall_a,
          chequers_hall_statues_wall_a, uniq_pikel
D:9:      layout_gridville, trog_ov_bears_minmay, hellmonk_lair_entry_icy,
          chequers_avenue, uniq_maggie, uniq_maurice, uniq_grum
Temple:   bh_familiar_temple
Lair:1:   layout_small_grid, infiniplex_staircase_pool_2, grunt_megastairs_4,
          uniq_harold
Lair:2:   layout_regular_city, elwin_shoals_entry_rocks,
          minmay_snake_entry_guardpost_small, grunt_megastairs_2
Lair:3:   layout_layer_cave, gammafunk_ghost_grave, serial_bayou_shore_b
Lair:4:   layout_regular_city, nzn_sisyphean_effort, lemuel_fruit_tree

Skill      XL: |  1  2  3  4  5  6  7  8  9 10 11 12 |
---------------+-------------------------------------+-----
Spellcasting   | 3 4 5 6 7 8 9 10 | 10.2
Conjurations   | 5 6 7 8 9 |  9.3
Dodging        | 2 3 4 5 6 |  6.8
Fighting       | 1 2 3 4 5 6 7 |  7.1
Staves         | 1 2 3 4 5 6 |  6.5
Fire Magic     | 2 3 5 6 7 |  7.4
Earth Magic    | 3 5 6 |  6.9
Evocations     | 2 4 5 |  5.2
Armour         | 1 |  1.6
Stealth        | |  1.7

Action                   |  1- 3 |  4- 6 |  7- 9 | 10-12 || total
-------------------------+-------+-------+-------+-------++-------
Melee: Club              |     4 |       |       |       ||     4
       Quarterstaff      |       |    15 |    35 |    71 ||   121
       Headbutt          |       |     3 |     1 |    15 ||    19
       Kick              |       |     2 |    10 |    25 ||    37
       Unarmed           |       |       |       |    18 ||    18
 Cast: Magic Dart        |    90 |   130 |   146 |    60 ||   426
       Searing Ray       |       |    10 |    44 |    14 ||    68
       Foxfire           |       |       |     2 |    46 ||    48
       Stone Arrow       |       |       |       |   220 ||   220
       Iskenderun's Myst |       |       |       |     6 ||     6
Evoke: Wand              |       |       |     1 |    10 ||    11
  Use: Scroll            |       |    10 |     8 |    12 ||    30
       Potion            |       |       |     1 |     6 ||     7
Armor: Robe              |     1 |       |       |       ||     1
       Leather armour    |       |    13 |    47 |    14 ||    74
       Swamp dragon scal |       |       |       |    73 ||    73
       Skin              |       |       |       |     5 ||     5
Dodge: Dodged            |    15 |    41 |    73 |   135 ||   264

Table legend: (Time is in decaauts)
 A = Elapsed time spent in this place.
 B = Non-inter-level travel time spent in this place.
 C = Inter-level travel time spent in this place.
 D = Time resting spent in this place.
 E = Time spent auto-exploring this place.
 F = Levels seen in this place.
 G = Mean time per level.
                   A        B        C        D        E       F      G
               +--------+--------+--------+--------+--------+-----+--------+
         Total |  18034 |  17216 |    818 |   6601 |   7289 |  15 | 1202.3 |
       Dungeon |  12463 |  11810 |    653 |   4358 |   5608 |   9 | 1384.8 |
        Temple |    100 |     79 |     21 |      0 |      0 |   1 |  100.0 |
          Lair |   4800 |   4657 |    143 |   1914 |   1551 |   4 | 1200.0 |
         Sewer |    670 |    670 |      0 |    329 |    130 |   1 |  670.0 |
               +--------+--------+--------+--------+--------+-----+--------+

Top non-repeatable levels by time:
  Lair:1: 1882 daAuts
     D:6: 1873 daAuts
     D:8: 1651 daAuts
  Lair:3: 1522 daAuts
     D:3: 1461 daAuts
     D:5: 1417 daAuts
  Lair:2: 1387 daAuts
     D:4: 1318 daAuts
     D:9: 1258 daAuts
     D:2: 1226 daAuts
     D:1: 1129 daAuts
     D:7: 1125 daAuts
   Sewer: 670 daAuts
  Temple: 100 daAuts
  Lair:4: 7 daAuts
